 Dungeon Crawl Stone Soup version 0.29.0-4-gdea44cf6ec (webtiles) character file.

Game seed: 11448173372383070968

793 qw the Chopper (level 7, -5/59 HPs)
             Began as a Ghoul Summoner on Sept 10, 2022.
             Slain by Edmund
             ... wielding a +0 antimagic flail
              (8 damage)
             ... on level 5 of the Dungeon.
             The game lasted 00:02:32 (7515 turns).

qw the Chopper (Ghoul Summoner)                     Turns: 7515, Time: 00:02:33

Health: -5/59      AC:  9    Str: 14    XL:     7   Next: 88%
Magic:  0/8        EV:  6    Int: 10    God:
Gold:   186        SH:  0    Dex:  9    Spells: 8/9 levels left

rFire   . . .      SeeInvis .   Y - +2 hand axe
rCold   + . .      Faith    .   (no shield)
rNeg    + + +      Spirit   .   a - +0 chain mail
rPois   inf        Reflect  .   k - +0 helmet
rElec   .          Harm     .   (no cloak)
rCorr   .          Rampage  .   (no gloves)
Will    .....                   (no boots)
Stlth   ..........              (no amulet)
HPRegen 0.00/turn               (no ring)
MPRegen 0.11/turn               (no ring)

@: inhibited regen
A: claws 1, cold resistance 1, negative energy resistance 3, inhibited
regeneration, torment resistance 2, devour on kill
a: no special abilities


You were on level 5 of the Dungeon.
You visited 1 branch of the dungeon, and saw 5 of its levels.

You collected 186 gold pieces.


Innate Abilities, Weirdness & Mutations

You are immune to poison.
You have sharp fingernails.
Your flesh is cold resistant. (rC+)
You are immune to negative energy. (rN+++)
You do not regenerate when monsters are visible.
You are immune to unholy pain and torment.
You thrive by killing the living.


   Skills:
 - Level 4.0 Fighting
 + Level 6.2 Axes
 - Level 2.2 Armour
 - Level 1.7 Dodging
 - Level 2.1 Stealth
 - Level 1.7 Spellcasting
 - Level 3.6 Summonings


You had 8 spell levels left.
You knew the following spells:

 Your Spells              Type           Power      Damage    Failure   Level
a - Summon Small Mammal   Summ           32%        N/A       88%         1

Your spell library contained the following spells:

 Spells                   Type           Power      Damage    Failure   Level
 Call Imp                 Summ           8%         N/A       96%         2
 Call Canine Familiar     Summ           8%         N/A       99%         3
 Summon Guardian Golem    Hex/Summ       4%         N/A       100%        3
 Summon Lightning Spire   Summ/Air       4%         N/A       100%        4

Inventory:

Hand Weapons
 h - a +0 flail
 Y - a +2 hand axe (weapon)
Armour
 a - a +0 chain mail (worn)
 k - a +0 helmet (worn)
Scrolls
 d - a scroll of identify
Potions
 b - a potion of degeneration {unknown}
 c - a potion of curing
 e - 2 potions of might
 f - a potion of resistance {unknown}
 g - a potion of heal wounds {unknown}
 j - a potion of haste {unknown}

Dungeon Overview and Level Annotations

Branches:
Dungeon (5/15)
 Temple: D:4-7

Altars:

Annotations:
D:3 1 runed translucent door, Crazy Yiuf
D:5 Edmund


Message History

Edmund hits you but does no damage.
You hit Edmund.
Edmund is heavily wounded.
Edmund hits you with a +0 antimagic flail.
You feel your power leaking away.
You hit Edmund but do no damage.
Edmund is heavily wounded.
Edmund hits you with a +0 antimagic flail.
You barely miss Edmund.
Edmund is heavily wounded.
Edmund hits you with a +0 antimagic flail.
You hit Edmund.
Edmund is heavily wounded.
Edmund closely misses you.
You hit Edmund.
Edmund is severely wounded.
Edmund barely misses you.
You hit Edmund.
Edmund is severely wounded.
Edmund hits you with a +0 antimagic flail.
You hit Edmund.
Edmund is severely wounded.
Edmund hits you with a +0 antimagic flail.
You hit Edmund.
Edmund is almost dead.
Edmund barely misses you.
You closely miss Edmund. You claw Edmund, but do no damage.
Edmund is almost dead.
Edmund hits you with a +0 antimagic flail!
You completely miss Edmund.
Edmund is almost dead.
Edmund closely misses you.
You hit Edmund.
Edmund is almost dead.
Edmund hits you with a +0 antimagic flail.
You feel your power leaking away.
You hit Edmund but do no damage.
Edmund is almost dead.
Edmund hits you with a +0 antimagic flail!
You die...

............#####
..#######'####..##
. #..........#....
#..........#...
#...#####..#..#
### #.. #..#..#
...# #. #.##..#
..... #
#.##./#......
#....@@......
#....)#......
+.##+## ....# +..
#..# +.. .. #... .
#... #....


You could see Edmund.

Vanquished Creatures
  Grinder (D:4)
  A phantom (D:5)
  A necrophage (D:4)
  2 scorpions (D:4)
  A hound (D:5)
  Natasha (thrice) (D:3)
  Robin (D:2)
  12 adders
  A white imp (D:4)
  4 worms
  3 dart slugs
  2 orcs (D:4)
  7 ball pythons
  4 endoplasms
  2 giant cockroaches
  9 goblins
  4 hobgoblins
  9 jackals
  3 quokkas
  3 bats
  2 frilled lizards
  6 kobolds
  5 rats
86 creatures vanquished.

Vanquished Creatures (collateral kills)
  2 bats (D:1)
  An endoplasm (D:3)
  6 goblins
  A hobgoblin (D:2)
  4 ball pythons
  4 rats
18 creatures vanquished.

Grand Total: 104 creatures vanquished

Notes
Turn   | Place    | Note
-------+----------+-------------------------------------------
     0 | D:1      | qw the Ghoul Summoner began the quest for the Orb.
     0 | D:1      | Reached XP level 1. HP: 14/14 MP: 2/2
     0 | D:1      | 0 ||| qw: Version: 0.1-a-116-g5d60599
     0 | D:1      | 0 ||| qw: Game counter: 7507
     0 | D:1      | 0 ||| qw: Always use a shield: true
     0 | D:1      | 0 ||| qw: God list: Okawaru
     0 | D:1      | 0 ||| qw: Allow faded altars: false
     0 | D:1      | 0 ||| qw: Do Orc after D:15 true
     0 | D:1      | 0 ||| qw: Do second Lair branch before Depths: true
     0 | D:1      | 0 ||| qw: Lair rune preference: random
     0 | D:1      | 0 ||| qw: Plans: Normal
     0 | D:1      | 0 ||| PLANNING D:1-11
     3 | D:1      | 3 ||| CASTING Summon Small Mammal
     4 | D:1      | 4 ||| CASTING Summon Small Mammal
    16 | D:1      | 16 ||| CASTING Summon Small Mammal
   209 | D:1      | 209 ||| Wielding weapon +0 whip.
   212 | D:1      | 212 ||| CASTING Summon Small Mammal
   213 | D:1      | 213 ||| CASTING Summon Small Mammal
   222 | D:1      | Reached skill level 1 in Axes
   250 | D:1      | 250 ||| CASTING Summon Small Mammal
   251 | D:1      | 251 ||| CASTING Summon Small Mammal
   259 | D:1      | Reached XP level 2. HP: 22/22 MP: 0/3
   299 | D:1      | 299 ||| CASTING Summon Small Mammal
   300 | D:1      | 300 ||| CASTING Summon Small Mammal
   301 | D:1      | 301 ||| CASTING Summon Small Mammal
   306 | D:1      | Reached skill level 1 in Fighting
   338 | D:1      | 338 ||| CASTING Summon Small Mammal
   339 | D:1      | 339 ||| CASTING Summon Small Mammal
   340 | D:1      | 340 ||| CASTING Summon Small Mammal
   350 | D:1      | 350 ||| CASTING Summon Small Mammal
   363 | D:1      | 363 ||| CASTING Summon Small Mammal
   415 | D:1      | 415 ||| CASTING Summon Small Mammal
   416 | D:1      | 416 ||| CASTING Summon Small Mammal
   417 | D:1      | 417 ||| CASTING Summon Small Mammal
   427 | D:1      | 427 ||| CASTING Summon Small Mammal
   616 | D:1      | 616 ||| CASTING Summon Small Mammal
   618 | D:1      | 618 ||| CASTING Summon Small Mammal
   619 | D:1      | 619 ||| CASTING Summon Small Mammal
   656 | D:1      | 656 ||| CASTING Summon Small Mammal
   657 | D:1      | 657 ||| CASTING Summon Small Mammal
   658 | D:1      | 658 ||| CASTING Summon Small Mammal
   696 | D:1      | 696 ||| CASTING Summon Small Mammal
   697 | D:1      | 697 ||| CASTING Summon Small Mammal
   698 | D:1      | 698 ||| CASTING Summon Small Mammal
   709 | D:1      | 709 ||| CASTING Summon Small Mammal
   774 | D:1      | 774 ||| CASTING Summon Small Mammal
   775 | D:1      | 775 ||| CASTING Summon Small Mammal
   776 | D:1      | 776 ||| CASTING Summon Small Mammal
   786 | D:1      | 786 ||| CASTING Summon Small Mammal
   828 | D:1      | 828 ||| CASTING Summon Small Mammal
   829 | D:1      | 829 ||| CASTING Summon Small Mammal
   830 | D:1      | 830 ||| CASTING Summon Small Mammal
   888 | D:1      | 888 ||| CASTING Summon Small Mammal
   889 | D:1      | 889 ||| CASTING Summon Small Mammal
   890 | D:1      | 890 ||| CASTING Summon Small Mammal
  1020 | D:1      | 1020 ||| CASTING Summon Small Mammal
  1021 | D:1      | 1021 ||| CASTING Summon Small Mammal
  1022 | D:1      | 1022 ||| CASTING Summon Small Mammal
  1063 | D:1      | 1063 ||| CASTING Summon Small Mammal
  1064 | D:1      | 1064 ||| CASTING Summon Small Mammal
  1065 | D:1      | 1065 ||| CASTING Summon Small Mammal
  1075 | D:1      | 1075 ||| CASTING Summon Small Mammal
  1203 | D:1      | 1203 ||| CASTING Summon Small Mammal
  1204 | D:1      | 1204 ||| CASTING Summon Small Mammal
  1205 | D:1      | 1205 ||| CASTING Summon Small Mammal
  1215 | D:1      | Reached XP level 3. HP: 27/28 MP: 1/4
  1261 | D:1      | 1261 ||| CASTING Summon Small Mammal
  1262 | D:1      | 1262 ||| CASTING Summon Small Mammal
  1263 | D:1      | 1263 ||| CASTING Summon Small Mammal
  1264 | D:1      | 1264 ||| CASTING Summon Small Mammal
  1272 | D:1      | 1272 ||| CASTING Summon Small Mammal
  1276 | D:1      | Reached skill level 2 in Axes
  1385 | D:1      | 1385 ||| CASTING Summon Small Mammal
  1386 | D:1      | 1386 ||| CASTING Summon Small Mammal
  1387 | D:1      | 1387 ||| CASTING Summon Small Mammal
  1388 | D:1      | 1388 ||| CASTING Summon Small Mammal
  1489 | D:1      | 1489 ||| CASTING Summon Small Mammal
  1490 | D:1      | 1490 ||| CASTING Summon Small Mammal
  1491 | D:1      | 1491 ||| CASTING Summon Small Mammal
  1492 | D:1      | 1492 ||| CASTING Summon Small Mammal
  1540 | D:1      | 1540 ||| CASTING Summon Small Mammal
  1541 | D:1      | 1541 ||| CASTING Summon Small Mammal
  1542 | D:1      | 1542 ||| CASTING Summon Small Mammal
  1543 | D:1      | 1543 ||| CASTING Summon Small Mammal
  1602 | D:1      | 1602 ||| CASTING Summon Small Mammal
  1603 | D:1      | 1603 ||| CASTING Summon Small Mammal
  1604 | D:1      | 1604 ||| CASTING Summon Small Mammal
  1605 | D:1      | 1605 ||| CASTING Summon Small Mammal
  1613 | D:1      | 1613 ||| CASTING Summon Small Mammal
  1827 | D:1      | 1827 ||| READING 2 scrolls labelled INYJECZ USIRY.
  1828 | D:1      | 1828 ||| DROPPING potion of magic.
  1874 | D:2      | 1874 ||| CASTING Summon Small Mammal
  1875 | D:2      | 1875 ||| CASTING Summon Small Mammal
  1876 | D:2      | 1876 ||| CASTING Summon Small Mammal
  1877 | D:2      | 1877 ||| CASTING Summon Small Mammal
  1885 | D:2      | 1885 ||| CASTING Summon Small Mammal
  1896 | D:2      | 1896 ||| CASTING Summon Small Mammal
  1907 | D:2      | 1907 ||| CASTING Summon Small Mammal
  2112 | D:2      | 2112 ||| CASTING Summon Small Mammal
  2113 | D:2      | 2113 ||| CASTING Summon Small Mammal
  2114 | D:2      | 2114 ||| CASTING Summon Small Mammal
  2115 | D:2      | 2115 ||| CASTING Summon Small Mammal
  2198 | D:2      | 2198 ||| CASTING Summon Small Mammal
  2199 | D:2      | 2199 ||| CASTING Summon Small Mammal
  2200 | D:2      | 2200 ||| CASTING Summon Small Mammal
  2201 | D:2      | 2201 ||| CASTING Summon Small Mammal
  2209 | D:2      | 2209 ||| CASTING Summon Small Mammal
  2271 | D:2      | 2271 ||| CASTING Summon Small Mammal
  2272 | D:2      | 2272 ||| CASTING Summon Small Mammal
  2273 | D:2      | 2273 ||| CASTING Summon Small Mammal
  2274 | D:2      | 2274 ||| CASTING Summon Small Mammal
  2318 | D:2      | 2318 ||| CASTING Summon Small Mammal
  2319 | D:2      | 2319 ||| CASTING Summon Small Mammal
  2320 | D:2      | 2320 ||| CASTING Summon Small Mammal
  2321 | D:2      | 2321 ||| CASTING Summon Small Mammal
  2369 | D:2      | 2369 ||| CASTING Summon Small Mammal
  2370 | D:2      | 2370 ||| CASTING Summon Small Mammal
  2371 | D:2      | 2371 ||| CASTING Summon Small Mammal
  2372 | D:2      | 2372 ||| CASTING Summon Small Mammal
  2380 | D:2      | 2380 ||| Stepping ~*~*~tactically~*~*~ (outnumbered).
  2381 | D:2      | 2381 ||| CASTING Summon Small Mammal
  2494 | D:2      | 2494 ||| CASTING Summon Small Mammal
  2495 | D:2      | 2495 ||| CASTING Summon Small Mammal
  2496 | D:2      | 2496 ||| CASTING Summon Small Mammal
  2497 | D:2      | 2497 ||| CASTING Summon Small Mammal
  2505 | D:2      | 2505 ||| CASTING Summon Small Mammal
  2551 | D:2      | 2551 ||| SWAPPING to +0 trident.
  2552 | D:2      | 2552 ||| DROPPING +0 whip.
  2557 | D:2      | 2557 ||| CASTING Summon Small Mammal
  2558 | D:2      | 2558 ||| CASTING Summon Small Mammal
  2559 | D:2      | 2559 ||| CASTING Summon Small Mammal
  2560 | D:2      | 2560 ||| CASTING Summon Small Mammal
  2568 | D:2      | 2568 ||| CASTING Summon Small Mammal
  2572 | D:2      | 2572 ||| Stepping ~*~*~tactically~*~*~ (reaching).
  2697 | D:2      | 2697 ||| CASTING Summon Small Mammal
  2698 | D:2      | 2698 ||| CASTING Summon Small Mammal
  2699 | D:2      | 2699 ||| CASTING Summon Small Mammal
  2700 | D:2      | 2700 ||| CASTING Summon Small Mammal
  2704 | D:2      | 2704 ||| Stepping ~*~*~tactically~*~*~ (outnumbered).
  2707 | D:2      | Reached XP level 4. HP: 35/36 MP: 1/5
  2707 | D:2      | 2707 ||| CASTING Summon Small Mammal
  2794 | D:2      | 2794 ||| CASTING Summon Small Mammal
  2795 | D:2      | 2795 ||| CASTING Summon Small Mammal
  2796 | D:2      | 2796 ||| CASTING Summon Small Mammal
  2797 | D:2      | 2797 ||| CASTING Summon Small Mammal
  2798 | D:2      | 2798 ||| CASTING Summon Small Mammal
  2910 | D:2      | 2910 ||| SWAPPING to +0 hand axe.
  2911 | D:2      | 2911 ||| DROPPING +0 trident.
  2961 | D:2      | 2961 ||| CASTING Summon Small Mammal
  2962 | D:2      | 2962 ||| CASTING Summon Small Mammal
  2963 | D:2      | 2963 ||| CASTING Summon Small Mammal
  2964 | D:2      | 2964 ||| CASTING Summon Small Mammal
  2965 | D:2      | 2965 ||| CASTING Summon Small Mammal
  3032 | D:2      | 3032 ||| CASTING Summon Small Mammal
  3049 | D:2      | 3049 ||| CASTING Summon Small Mammal
  3062 | D:2      | Noticed Robin
  3063 | D:2      | 3063 ||| CASTING Summon Small Mammal
  3064 | D:2      | 3064 ||| CASTING Summon Small Mammal
  3065 | D:2      | 3065 ||| CASTING Summon Small Mammal
  3066 | D:2      | 3066 ||| CASTING Summon Small Mammal
  3067 | D:2      | 3067 ||| CASTING Summon Small Mammal
  3075 | D:2      | Killed Robin
  3328 | D:2      | 3328 ||| UPGRADING to +0 ring mail of poison resistance.
  3338 | D:2      | 3338 ||| DROPPING +0 robe.
  3339 | D:2      | 3339 ||| UPGRADING to +0 helmet.
  3344 | D:2      | 3344 ||| READING scroll labelled ARAIBR DASUS.
  3345 | D:2      | 3345 ||| DRINKING 2 smoky puce potions.
  3346 | D:2      | 3346 ||| READING 2 scrolls of identify.
  3346 | D:2      | 3346 ||| IDENTIFYING glowing blue potion
  3347 | D:2      | 3347 ||| DROPPING potion of berserk rage.
  3400 | D:3      | 3400 ||| PLANNING SEWER
  3425 | D:3      | 3425 ||| CASTING Summon Small Mammal
  3494 | D:3      | 3494 ||| CASTING Summon Small Mammal
  3495 | D:3      | 3495 ||| CASTING Summon Small Mammal
  3496 | D:3      | 3496 ||| CASTING Summon Small Mammal
  3533 | D:3      | 3533 ||| CASTING Summon Small Mammal
  3534 | D:3      | 3534 ||| CASTING Summon Small Mammal
  3535 | D:3      | 3535 ||| CASTING Summon Small Mammal
  3536 | D:3      | 3536 ||| CASTING Summon Small Mammal
  3537 | D:3      | 3537 ||| CASTING Summon Small Mammal
  3541 | D:3      | Reached skill level 3 in Axes
  3644 | D:3      | 3644 ||| Stepping ~*~*~tactically~*~*~ (stealth).
  3645 | D:3      | 3645 ||| DROPPING +0 club.
  3683 | D:3      | 3683 ||| CASTING Summon Small Mammal
  3684 | D:3      | 3684 ||| CASTING Summon Small Mammal
  3685 | D:3      | 3685 ||| CASTING Summon Small Mammal
  3686 | D:3      | 3686 ||| CASTING Summon Small Mammal
  3687 | D:3      | 3687 ||| CASTING Summon Small Mammal
  3929 | D:3      | 3929 ||| CASTING Summon Small Mammal
  3930 | D:3      | 3930 ||| CASTING Summon Small Mammal
  3931 | D:3      | 3931 ||| CASTING Summon Small Mammal
  3932 | D:3      | 3932 ||| CASTING Summon Small Mammal
  3933 | D:3      | 3933 ||| CASTING Summon Small Mammal
  3994 | D:3      | 3994 ||| CASTING Summon Small Mammal
  3995 | D:3      | 3995 ||| CASTING Summon Small Mammal
  3996 | D:3      | 3996 ||| CASTING Summon Small Mammal
  3997 | D:3      | 3997 ||| CASTING Summon Small Mammal
  4045 | D:3      | 4045 ||| CASTING Summon Small Mammal
  4046 | D:3      | 4046 ||| CASTING Summon Small Mammal
  4047 | D:3      | 4047 ||| CASTING Summon Small Mammal
  4048 | D:3      | 4048 ||| CASTING Summon Small Mammal
  4050 | D:3      | 4050 ||| CASTING Summon Small Mammal
  4056 | D:3      | 4056 ||| CASTING Summon Small Mammal
  4111 | D:3      | Noticed Natasha
  4112 | D:3      | 4112 ||| CASTING Summon Small Mammal
  4113 | D:3      | 4113 ||| CASTING Summon Small Mammal
  4114 | D:3      | 4114 ||| CASTING Summon Small Mammal
  4115 | D:3      | 4115 ||| CASTING Summon Small Mammal
  4116 | D:3      | 4116 ||| CASTING Summon Small Mammal
  4120 | D:3      | Killed Natasha
  4121 | D:3      | Reached XP level 5. HP: 35/41 MP: 0/6
  4122 | D:3      | 4122 ||| RIP SEWER
  4161 | D:3      | 4161 ||| PLANNING D:1-11
  4209 | D:3      | 4209 ||| CASTING Summon Small Mammal
  4210 | D:3      | 4210 ||| CASTING Summon Small Mammal
  4211 | D:3      | 4211 ||| CASTING Summon Small Mammal
  4212 | D:3      | 4212 ||| CASTING Summon Small Mammal
  4213 | D:3      | 4213 ||| CASTING Summon Small Mammal
  4214 | D:3      | 4214 ||| CASTING Summon Small Mammal
  4269 | D:3      | 4269 ||| DROPPING +0 mace.
  4321 | D:3      | 4321 ||| CASTING Summon Small Mammal
  4322 | D:3      | 4322 ||| CASTING Summon Small Mammal
  4323 | D:3      | 4323 ||| CASTING Summon Small Mammal
  4324 | D:3      | 4324 ||| CASTING Summon Small Mammal
  4325 | D:3      | 4325 ||| CASTING Summon Small Mammal
  4409 | D:3      | 4409 ||| CASTING Summon Small Mammal
  4410 | D:3      | 4410 ||| CASTING Summon Small Mammal
  4411 | D:3      | 4411 ||| CASTING Summon Small Mammal
  4412 | D:3      | 4412 ||| CASTING Summon Small Mammal
  4413 | D:3      | 4413 ||| CASTING Summon Small Mammal
  4414 | D:3      | 4414 ||| CASTING Summon Small Mammal
  4495 | D:3      | 4495 ||| CASTING Summon Small Mammal
  4496 | D:3      | 4496 ||| CASTING Summon Small Mammal
  4497 | D:3      | 4497 ||| CASTING Summon Small Mammal
  4498 | D:3      | 4498 ||| CASTING Summon Small Mammal
  4499 | D:3      | 4499 ||| CASTING Summon Small Mammal
  4638 | D:3      | 4638 ||| CASTING Summon Small Mammal
  4639 | D:3      | 4639 ||| CASTING Summon Small Mammal
  4811 | D:3      | 4811 ||| CASTING Summon Small Mammal
  4812 | D:3      | 4812 ||| CASTING Summon Small Mammal
  4813 | D:3      | 4813 ||| CASTING Summon Small Mammal
  4814 | D:3      | 4814 ||| CASTING Summon Small Mammal
  4815 | D:3      | 4815 ||| CASTING Summon Small Mammal
  4816 | D:3      | 4816 ||| CASTING Summon Small Mammal
  4934 | D:3      | 4934 ||| CASTING Summon Small Mammal
  4935 | D:3      | 4935 ||| CASTING Summon Small Mammal
  4936 | D:3      | 4936 ||| CASTING Summon Small Mammal
  4937 | D:3      | 4937 ||| CASTING Summon Small Mammal
  5116 | D:3      | Noticed Natasha
  5129 | D:3      | Killed Natasha
  5130 | D:3      | Reached skill level 4 in Axes
  5356 | D:3      | 5356 ||| CASTING Summon Small Mammal
  5357 | D:3      | 5357 ||| CASTING Summon Small Mammal
  5358 | D:3      | 5358 ||| CASTING Summon Small Mammal
  5359 | D:3      | 5359 ||| CASTING Summon Small Mammal
  5361 | D:3      | Noticed Natasha
  5371 | D:3      | Killed Natasha
  5402 | D:3      | 5402 ||| CASTING Summon Small Mammal
  5403 | D:3      | 5403 ||| CASTING Summon Small Mammal
  5404 | D:3      | 5404 ||| CASTING Summon Small Mammal
  5405 | D:3      | 5405 ||| CASTING Summon Small Mammal
  5406 | D:3      | 5406 ||| CASTING Summon Small Mammal
  5413 | D:3      | Reached skill level 3 in Fighting
  5461 | D:3      | Found a runed translucent door.
  5462 | D:3      | Noticed Crazy Yiuf
  5612 | D:3      | 5612 ||| UPGRADING to +0 chain mail.
  5622 | D:3      | 5622 ||| DROPPING +0 ring mail of poison resistance.
  5623 | D:3      | 5623 ||| DRINKING 2 yellow potions.
  5724 | D:4      | Reached XP level 6. HP: 23/51 MP: 7/7
  5730 | D:4      | HP: 12/51 [white imp (2)]
  5746 | D:4      | HP: 12/51 [scorpion (1)]
  5754 | D:4      | HP: 7/51 [scorpion (4)]
  5757 | D:4      | Reached skill level 1 in Armour
  6051 | D:4      | 6051 ||| Stepping ~*~*~tactically~*~*~ (stealth).
  6054 | D:4      | 6054 ||| Stepping ~*~*~tactically~*~*~ (stealth).
  6300 | D:4      | 6300 ||| Stepping ~*~*~tactically~*~*~ (stealth).
  6330 | D:4      | 6330 ||| Stepping ~*~*~tactically~*~*~ (stealth).
  6359 | D:4      | Noticed Grinder
  6360 | D:4      | 6360 ||| Stepping ~*~*~tactically~*~*~ (hiding).
  6363 | D:4      | 6363 ||| Stepping ~*~*~tactically~*~*~ (hiding).
  6368 | D:4      | Paralysed by Grinder for 3 turns
  6382 | D:4      | Paralysed by Grinder for 4 turns
  6391 | D:4      | Paralysed by Grinder for 5 turns
  6404 | D:4      | HP: 11/51 [Grinder (8)]
  6408 | D:4      | Killed Grinder
  6409 | D:4      | Reached skill level 5 in Axes
  6409 | D:4      | Reached XP level 7. HP: 13/57 MP: 8/8
  6767 | D:4      | 6767 ||| Stepping ~*~*~tactically~*~*~ (stealth).
  6768 | D:4      | 6768 ||| Stepping ~*~*~tactically~*~*~ (stealth).
  6769 | D:4      | 6769 ||| Stepping ~*~*~tactically~*~*~ (stealth).
  6804 | D:4      | 6804 ||| Stepping ~*~*~tactically~*~*~ (stealth).
  7090 | D:4      | Identified the +1 dagger of Trauma {chaos, Dex+2}
  7179 | D:4      | 7179 ||| READING scroll labelled IGEVOOK OHES.
  7180 | D:4      | 7180 ||| READING 2 scrolls labelled MALUNABBOT.
  7181 | D:4      | 7181 ||| READING scroll of enchant weapon.
  7181 | D:4      | 7181 ||| ENCHANTING +1 hand axe.
  7182 | D:4      | 7182 ||| READING scroll labelled DIUKLE TOIRO.
  7293 | D:5      | Entered Level 5 of the Dungeon
  7314 | D:5      | 7314 ||| Stepping ~*~*~tactically~*~*~ (stealth).
  7315 | D:5      | 7315 ||| Stepping ~*~*~tactically~*~*~ (stealth).
  7336 | D:5      | Reached skill level 6 in Axes
  7336 | D:5      | 7336 ||| FLEEEEING.
  7337 | D:5      | 7337 ||| FLEEEEING.
  7338 | D:5      | 7338 ||| FLEEEEING.
  7340 | D:5      | 7340 ||| FLEEEEING.
  7341 | D:5      | 7341 ||| FLEEEEING.
  7342 | D:5      | 7342 ||| FLEEEEING.
  7345 | D:5      | 7345 ||| FLEEEEING.
  7346 | D:5      | 7346 ||| FLEEEEING.
  7347 | D:5      | 7347 ||| FLEEEEING.
  7348 | D:5      | 7348 ||| STAIRDANCE
  7419 | D:5      | 7419 ||| FLEEEEING.
  7420 | D:5      | 7420 ||| STAIRDANCE
  7487 | D:5      | Noticed Edmund
  7512 | D:5      | HP: 7/59 [Edmund/+0 antimagic flail (9)]
  7514 | D:5      | HP: 3/59 [Edmund/+0 antimagic flail (4)]
  7515 | D:5      | Slain by Edmund

Levels and vault maps discovered:
D:1:      dpeg_arrival_stonehenge_8_columns, layout_loops_ring
D:2:      layout_basic, uniq_robin
D:3:      layout_basic, portal_sewer_entry_d, uniq_natasha,
          uniq_crazy_yiuf_cottage
D:4:      layout_rooms, uniq_grinder
D:5:      layout_gridville, grunt_temple_overflow_diamond,
          mainiacjoe_overflow_big_doors, minmay_misc_feat_more_columns,
          hangedman_decor_points, nicolae_shop_clearance, uniq_edmund,
          uniq_duvessa, uniq_eustachio

Skill      XL: |  1  2  3  4  5  6  7 |
---------------+----------------------+-----
Axes           | 1 2 3 4 5 6 |  6.2
Fighting       | 1 2 3 4 |  4.0
Armour         | 1 2 |  2.2
Dodging        | |  1.7
Stealth        | |  2.1
Spellcasting   | |  1.7
Summonings     | |  3.6

Action                   |  1- 3 |  4- 6 |  7- 9 || total
-------------------------+-------+-------+-------++-------
Melee: Whip              |   100 |       |       ||   100
       Unarmed           |     6 |       |       ||     6
       Trident           |    10 |     1 |       ||    11
       Punch             |     1 |     3 |     3 ||     7
       Hand axe          |       |   266 |   121 ||   387
 Cast: Summon Small Mamm |   101 |    78 |       ||   179
  Use: Scroll            |     1 |     2 |     4 ||     7
       Potion            |       |     2 |       ||     2
 Stab: Distracted        |     2 |     1 |       ||     3
Armor: Robe              |    24 |     1 |       ||    25
       Ring mail         |       |    25 |       ||    25
       Chain mail        |       |    97 |    50 ||   147
Dodge: Dodged            |    80 |   101 |    30 ||   211

Table legend:
 A = Non-vault XP
 B = Vault XP
 C = Vault XP percentage of total XP
 D = Non-vault monster count
 E = Vault monster count
 F = Vault count percentage of total count
                 A         B        C        D         E       F
            +---------+---------+-------+---------+---------+-------
      Total |     775 |     358 |  31.6 |      93 |      11 |  10.6
            +---------+---------+-------+---------+---------+-------
        D:1 |      44 |       0 |   0.0 |      27 |       0 |   0.0
        D:2 |      46 |      28 |  37.8 |      18 |       8 |  30.8
        D:3 |     142 |      49 |  25.7 |      19 |       2 |   9.5
        D:4 |     355 |     281 |  44.2 |      24 |       1 |   4.0
        D:5 |     188 |       0 |   0.0 |       5 |       0 |   0.0
            +---------+---------+-------+---------+---------+-------
